Map: Catalyst LE

Players

rafapras - Winner!

  • Race: Protoss Protoss
  • League: Diamond
  • Spawn Location: 5:00

TaoPaiPai

  • Race: Zerg Zerg
  • League: Diamond
  • Spawn Location: 11:00

VOD

Have the link to the VOD?

Description

Time

  • Played on: Dec. 2, 2017, 8:57 a.m.
  • Length: 8:56
Show
View Real Time Build Order
Export as new Build Order

rafapras Protoss - Winner!

Build Orders:  

Get SALT Encoding   

  12  0:02  Probe  
  13  0:14  Probe  
  14  0:21  Pylon  
  14  0:26  Probe  
  15  0:39  Probe (Chrono Boost)  
  17  0:51  Probe (Chrono Boost)  
  17  0:53  Probe  
  18  1:10  Nexus  
  18  1:26  Gateway  
  18  1:30  Forge  
  18  1:38  Probe  
  19  1:45  Assimilator  
  19  1:50  Probe  
  19  1:51  Assimilator  
  20  2:02  Probe  
  20  2:08  Gateway  
  21  2:19  Cybernetics Core  
  21  2:28  Photon Cannon  
  21  2:30  Probe (Chrono Boost)  
  21  2:35  Probe (Chrono Boost)  
  23  2:42  Probe (Chrono Boost)  
  25  2:47  Probe (Chrono Boost)  
  25  2:48  Probe x2 (Chrono Boost)  
  27  2:56  Probe (Chrono Boost), Warp Gate  
  28  3:00  Zealot  
  31  3:08  Probe (Chrono Boost)  
  31  3:11  Probe (Chrono Boost)  
  32  3:17  Probe x2 (Chrono Boost)  
  32  3:19  Stargate  
  34  3:22  Probe  
  35  3:27  Probe  
  35  3:32  Pylon  
  36  3:36  Probe (Chrono Boost)  
  36  3:39  Probe (Chrono Boost)  
  38  3:48  Protoss Ground Weapons Level 1 (Chrono Boost)  
  38  3:50  Probe x2 (Chrono Boost)  
  40  4:00  Probe  
  40  4:01  Probe  
  40  4:02  Shield Battery  
  45  4:10  Oracle (Chrono Boost)  
  45  4:12  Probe  
  45  4:16  Pylon  
  46  4:22  Assimilator  
  46  4:24  Assimilator  
  46  4:34  Probe x2, Stalker x2  
  52  4:46  Probe x2  
  54  4:57  Gateway  
  54  4:58  Gateway  
  54  5:00  Gateway  
  54  5:01  Gateway  
  54  5:03  Robotics Facility  
  54  5:08  Twilight Council  
  54  5:18  Pylon  
  54  5:19  Pylon  
  54  5:20  Pylon  
  54  5:36  Probe x2  
  54  5:42  Oracle  
  59  5:48  Probe x2  
  61  5:55  Observer (Chrono Boost)  
  62  5:59  Charge (Chrono Boost)  
  62  6:03  Protoss Ground Weapons Level 2 (Chrono Boost)  
  62  6:07  Sentry x3, Warp Prism (Chrono Boost)  
  62  6:08  Zealot  
  62  6:09  Zealot x2  
  76  6:13  Pylon  
  76  6:15  Pylon  
  76  6:17  Pylon  
  76  6:21  Gateway  
  76  6:24  Gateway  
  79  6:38  Oracle  
  79  6:40  Zealot x3  
  79  6:41  Zealot x2  
  79  6:42  Immortal  
  93  7:27  Stalker x4  
  101  7:41  Pylon  
  101  7:42  Pylon  
  101  7:44  Pylon  
  101  7:45  Pylon  
  102  7:52  Immortal  
  102  7:58  Oracle, Stalker x2  
  93  7:59  Stalker x4  
  93  8:00  Stalker  
  93  8:13  Stalker  
  92  8:22  Adept x3  
  92  8:23  Zealot x3  
  92  8:24  Zealot  
  100  8:48  Zealot x3  
  100  8:49  Zealot x4  
  100  8:50  Zealot  
Show
View Real Time Build Order
Export as new Build Order

TaoPaiPai Zerg 

Build Orders: Hatch First 

Get SALT Encoding   

  12  0:00  Drone  
  13  0:12  Overlord  
  13  0:17  Drone  
  14  0:31  Drone x2  
  14  0:34  Drone  
  17  0:45  Drone  
  18  0:59  Hatchery  
  17  1:12  Drone x2  
  17  1:15  Extractor  
  18  1:24  Drone  
  19  1:36  Drone  
  19  1:37  Spawning Pool  
  19  1:48  Drone  
  20  1:58  Overlord  
  20  2:13  Drone x3  
  23  2:26  Metabolic Boost  
  23  2:27  Queen x2  
  23  2:28  Zergling x2  
  23  2:29  Zergling x2  
  29  2:37  Drone  
  29  2:40  Drone  
  31  2:48  Drone x2  
  33  2:57  Overlord  
  34  2:58  Drone  
  34  3:03  Queen, Pneumatized Carapace  
  36  3:09  Extractor  
  36  3:12  Drone, Extractor  
  35  3:13  Drone  
  38  3:26  Spore Crawler  
  37  3:30  Spore Crawler  
  36  3:34  Drone x2  
  36  3:38  Drone  
  36  3:39  Drone x2  
  41  3:41  Hatchery  
  40  3:49  Overlord  
  40  3:50  Drone x3  
  43  4:19  Burrow  
  43  4:31  Extractor  
  42  4:32  Extractor  
  42  4:33  Roach Warren  
  42  4:34  Lair  
  42  4:35  Drone x7  
  42  4:36  Drone x4  
  51  4:45  Overlord  
  51  4:48  Overlord  
  51  5:02  Drone  
  51  5:03  Drone x6  
  51  5:05  Extractor  
  57  5:08  Queen  
  57  5:12  Extractor  
  58  5:15  Extractor  
  58  5:18  Evolution Chamber  
  58  5:19  Evolution Chamber  
  55  5:23  Spore Crawler  
  55  5:24  Drone x2  
  56  5:38  Drone x8  
  56  5:42  Overseer  
  64  5:59  Drone x9  
  73  6:06  Zerg Missile Weapons Level 1  
  73  6:07  Zerg Ground Armor Level 1  
  73  6:09  Hydralisk Den  
  72  6:11  Queen  
  72  6:14  Overlord  
  72  6:15  Hatchery  
  73  6:25  Queen  
  74  6:36  Hatchery  
  72  6:41  Overlord  
  72  6:42  Drone, Overlord  
  72  6:43  Overlord  
  72  6:45  Roach  
  72  6:46  Roach x3  
  81  6:53  Spine Crawler  
  80  6:55  Spine Crawler, Roach  
  80  7:00  Roach x4  
  80  7:01  Roach x3  
  95  7:09  Roach x3  
  95  7:10  Hydralisk  
  101  7:30  Hydralisk  
  101  7:31  Hydralisk x4  
  101  7:33  Overlord x4  
  85  8:04  Zergling x4  
  85  8:05  Zergling x16  
  80  8:15  Zergling x2  
  80  8:16  Zergling x18  
  80  8:33  Roach  
  80  8:34  Roach x3  
  77  8:36  Roach  
Tags
 
Add a new tag
Caveats
  • Supply blocks, unpowered buildings, or Contaminate may cause inaccurate times.
  • Supply counts are checked every 10 seconds.